 Dungeon Crawl Stone Soup version 0.28.0-53-g5a82cb258f (webtiles) character file.

Game seed: 14775011788510713404

93 Duralumin the Slasher (level 4, -4/34 HPs)
             Began as a Barachi Warper on July 4, 2022.
             Killed by divine providence
             ... invoked by an orc priest
              (16 damage)
             ... on level 2 of the Dungeon.
             The game lasted 00:07:46 (2413 turns).

Duralumin the Slasher (Barachi Warper)              Turns: 2413, Time: 00:07:47

Health: -4/34      AC:  5    Str: 13    XL:     4   Next: 61%
Magic:  7/7        EV: 11    Int: 15    God:
Gold:   86         SH:  0    Dex: 11    Spells: 5/7 levels left

rFire   . . .      SeeInvis .   a - +0 falchion
rCold   . . .      Faith    .   (no shield)
rNeg    . . .      Spirit   .   b - +0 leather armour
rPois   .          Reflect  .   (no helmet)
rElec   .          Harm     .   k - scarf {repulsion}
rCorr   .          Rampage  .   (no gloves)
Will    .....                   e - +1 pair of boots
Stlth   +.........              (no amulet)
HPRegen 0.11/turn               (no ring)
MPRegen 0.10/turn               (no ring)

@: repel missiles, slow
A: amphibious, slowness 1, strong legs 1, +LOS
a: Hop


You were on level 2 of the Dungeon.
You visited 1 branch of the dungeon, and saw 2 of its levels.

You collected 86 gold pieces.

Inventory:

Hand Weapons
 a - a +0 falchion (weapon)
Missiles
 d - 5 boomerangs of dispersal
 f - 2 javelins (quivered)
 h - 64 stones
Armour
 b - a +0 leather armour (worn)
 e - a +1 pair of boots (worn)
 k - a scarf of repulsion (worn)
 l - a +0 robe
Scrolls
 c - a scroll of blinking
 i - a scroll of magic mapping {unknown}
 j - a scroll of enchant weapon {unknown}
Potions
 g - a potion of degeneration {unknown}


   Skills:
 - Level 2.4 Fighting
 + Level 5.6 Long Blades
 - Level 1.0 Throwing
 - Level 1.3 Armour
 - Level 2.2 Dodging
 - Level 2.2 Spellcasting
 - Level 3.3 Translocations


You had 5 spell levels left.
You knew the following spells:

 Your Spells              Type           Power      Damage    Failure   Level
a - Blink                 Tloc           22%        N/A       11%         2

Your spell library contained the following spells:

 Spells                   Type           Power      Damage    Failure   Level
 Gell's Gravitas          Tloc           11%        N/A       22%         3
 Lesser Beckoning         Tloc           11%        N/A       22%         3
 Teleport Other           Tloc           11%        N/A       22%         3
 Manifold Assault         Tloc           11%        N/A       89%         5


Dungeon Overview and Level Annotations

Branches:
Dungeon (2/15)

Altars:


Innate Abilities, Weirdness & Mutations

You are amphibious.
You cover ground slowly.
You can hop short distances.
You have an extended range of vision and can be seen from far away.


Message History

You hear a shout! x2
An orc priest comes into view. It is wielding a +0 dagger.
An orc comes into view. It is wielding a +0 flail.
The orc priest calls upon Beogh to heal the orc.
The orc's wounds heal themselves!
The orc priest invokes the aid of Beogh against you.
Beogh smites you!
You hear a shout!
Throw: 5 javelins
Press: ? - help, Q - select action, (/) - cycle Shift-Dir - straight line, f - orc priest, p - orc priest
Aim: an orc priest, wielding a +0 dagger and wearing a +0 leather armour (56% to hit)
You throw a javelin. The javelin closely misses the orc.
The javelin pierces through the orc.
The orc is moderately wounded.
The javelin pierces through the orc priest!
The orc priest is severely wounded.
The orc priest calls upon Beogh to heal the orc priest.
The orc priest's wounds heal themselves!
Throw: 4 javelins
Press: ? - help, Q - select action, (/) - cycle Shift-Dir - straight line, f/p - orc priest
Aim: an orc priest, wielding a +0 dagger and wearing a +0 leather armour (severely wounded, 56% to hit)
You throw a javelin.
The javelin pierces through the orc but does no damage.
The javelin barely misses the orc.
The javelin closely misses the orc priest.
An orc wizard comes into view. It is wielding a +0 dagger.
Throw: 3 javelins
Press: ? - help, Q - select action, (/) - cycle Shift-Dir - straight line, f - orc wizard, p - orc priest
Aim: an orc wizard, wielding a +0 dagger and wearing a +0 robe (47% to hit)
You throw a javelin. The javelin barely misses the orc.
The javelin pierces through the orc!
You kill the orc!
The javelin closely misses the orc priest.
The javelin pierces through the orc priest.
The orc priest is almost dead.
The javelin closely misses the orc wizard.
The orc barely misses you.
The orc priest invokes the aid of Beogh against you.
Beogh smites you!
You die...

....#........# ####..............
....#........#########...........
....#............................
#####.......##########..#########
#.......................
#####.......##....####...####
............##....# #.......
.......#######....####......o
.......# ###@o.)oo.....
.............#...+ .##.####
.............#...# ## ..
.............#...# ##
.........)...#####


You could see 2 orc priests, an orc wizard and 2 orcs.

Vanquished Creatures
  2 adders (D:2)
  A worm (D:2)
  4 dart slugs
  An orc (D:2)
  7 ball pythons
  8 endoplasms
  2 giant cockroaches (D:1)
  A goblin (D:2)
  7 hobgoblins
  2 jackals (D:2)
  4 kobolds (D:1)
  6 quokkas
  8 bats
  2 frilled lizards (D:1)
  5 rats
60 creatures vanquished.

Notes
Turn   | Place    | Note
-------+----------+-------------------------------------------
     0 | D:1      | Duralumin the Barachi Warper began the quest for the Orb.
     0 | D:1      | Reached XP level 1. HP: 17/17 MP: 3/3
   248 | D:1      | Reached skill level 3 in Long Blades
   259 | D:1      | Reached XP level 2. HP: 20/23 MP: 5/5
   927 | D:1      | Reached skill level 4 in Long Blades
   927 | D:1      | Reached XP level 3. HP: 27/28 MP: 6/6
  1256 | D:1      | Found a faded altar of an unknown god.
  1557 | D:2      | Reached skill level 5 in Long Blades
  1557 | D:2      | Reached XP level 4. HP: 25/34 MP: 7/7
  1763 | D:2      | Learned a level 2 spell: Blink
  2413 | D:2      | Killed from afar by an orc priest

Illustrated notes

Levels and vault maps discovered:
D:1:      dpeg_arrival_tiny_c, layout_basic,
          hellmonk_ecumenical_altar_inner_sanctum, st_stairs_5, minivault_27
D:2:      cheibrodos_pilgrimage, layout_basic, minmay_misc_feat_five

Skill      XL: |  1  2  3 |
---------------+----------+-----
Long Blades    | 3 4 5 |  5.6
Fighting       | |  2.4
Throwing       | |  1.0
Armour         | |  1.3
Dodging        | |  2.2
Spellcasting   | |  2.2
Translocations | |  3.3

Action                   |  1- 3 |  4- 6 || total
-------------------------+-------+-------++-------
Melee: Falchion          |   127 |    74 ||   201
       Punch             |     1 |     2 ||     3
Throw: Javelin           |     2 |     9 ||    11
Armor: Leather armour    |    56 |    42 ||    98
Dodge: Dodged            |    88 |    51 ||   139
